AoeStats
← 17_Neo_

Arabia

509661716Analyzed
1v1 RM · 4d ago on Sep 27, 2026· 43m 51s· 2 players
Game mode
Random Map
Map size
Tiny (2 player)
Population
200
Speed
Normal
Resources
Standard
Victory
Conquest
Starting age
Dark Age
Ending age
Imperial Age
RankedLock teamsTeams togetherTeam positionsShared explorationLock speedFull tech treeHidden civsTurbo modeCheats
Victory
Defeat
🇨🇴 Maya · Colombia
1666
+16
🇪🇸 Mongols · Spain
1674
-16
17_Neo_
0:27 Loom
10:29 Feudal Age
11:30 Double-Bit Axe
14:36 Fletching
15:52 Horse Collar
17:30 Padded Archer Armor
23:20 Castle Age
23:44 Gold Mining
24:09 Thumb Ring
24:01 Bodkin Arrow
23:41 Elite Skirmisher
25:14 Ballistics
24:55 Scale Mail Armor
24:37 Crossbowman
27:39 Bow Saw
CQ.Manudq85
8:50 Feudal Age
9:13 Loom
9:00 Man-at-Arms
9:26 Double-Bit Axe
10:22 Loom
10:51 Arson
11:24 Horse Collar
13:56 Loom
14:18 Padded Archer Armor
15:55 Fletching
21:41 Castle Age
19:44 Stone Mining
20:22 Scale Barding Armor
21:45 Bloodlines
23:45 Bodkin Arrow
25:51 Bow Saw
27:23 Town Watch
28:40 Husbandry
30:15 Gold Mining
35:18 Leather Archer Armor
38:58 Imperial Age
37:51 Wheelbarrow
39:11 Capped Ram
Connection lost

Rejoining the realm…

Still unreachable

The connection could not be restored.

Session expired

The server has moved on; the page needs a fresh start.